 Dungeon Crawl Stone Soup version 0.31-a0-237-g2d982f9f85 (webtiles) character file.

Game seed: 18031840164780469889

2352 LeprechaunX the Poker (level 9, -2/61 HPs)
             Began as an Octopode Transmuter on July 11, 2023.
             Was an Elder of Wu Jian.
             Slain by an orc warrior
             ... wielding a +0 bardiche
              (13 damage)
             ... in a bailey.
             The game lasted 00:18:09 (6278 turns).

LeprechaunX the Poker (Octopode Transmuter)         Turns: 6278, Time: 00:18:10

Health: -2/61      AC:  1    Str: 11    XL:     9   Next: 43%
Magic:  14/16      EV: 15    Int: 15    God:    Wu Jian [****..]
Gold:   337        SH:  0    Dex: 15    Spells: 14/17 levels left

rFire   . . .        f - +11 glaive "Batroo" {holy, rPois SInv}
rCold   . . .        (shield currently unavailable)
rNeg    . . .        (helmet restricted)
rPois   +            (no amulet)
rElec   .            s - ring of poison resistance
rCorr   .            (no ring)
SInv    +            (no ring)
Will    .....        (no ring)
Stlth   ++           (no ring)
HPRegen 0.30/turn    (no ring)
MPRegen 0.15/turn    (no ring)
                     (no ring)

%: no passive effects
@: wereblooded, studying Evocations
A: almost no armour, amphibious, 8 rings, camouflage 1, gelatinous body 1,
(nimble swimmer 1), tentacles
a: Renounce Religion, Wall Jump, Serpent's Lash


You were in a bailey.
You worshipped Wu Jian.
Wu Jian was greatly pleased with you.
You visited 1 branch of the dungeon, and saw 7 of its levels.
You also visited: Bailey.

You collected 337 gold pieces.

Inventory:

Hand Weapons
 f - the +11 glaive "Batroo" (weapon) {holy, rPois SInv}
   (You found it on level 2 of the Dungeon)

   rPois:     It protects you from poison.
   SInv:      It lets you see invisible.
 j - the +10 long sword "Baixaef" {vamp, Fragile rElec rN+ Int+4}
   (You found it on level 2 of the Dungeon)

   Int:       It affects your intelligence (+4).
   rElec:     It insulates you from electricity.
   rN:        It protects you from negative energy.
   Fragile:   It will be destroyed if unequipped.
 x - a +0 orcbow
 y - the +9 spear of the Moon {antimagic, rPois rCorr Int+4 Dex-3}
   (You found it on level 5 of the Dungeon)

   Int:       It affects your intelligence (+4).
   Dex:       It affects your dexterity (-3).
   rPois:     It protects you from poison.
   rCorr:     It protects you from acid and corrosion.
Missiles
 o - 6 atropa-tipped darts
 v - 9 poisoned darts
Jewellery
 s - a ring of poison resistance (left tentacle)
Wands
 r - a wand of quicksilver (15)
 A - a wand of flame (3)
Scrolls
 b - 2 scrolls of amnesia {unknown}
 e - a scroll of enchant armour {unknown}
 h - 2 scrolls of fear {unknown}
 k - 5 scrolls of noise {unknown}
 l - 6 scrolls of identify {unknown}
 p - 2 scrolls of butterflies {unknown}
 q - 2 scrolls of enchant weapon {unknown}
 w - 5 scrolls of teleportation {unknown}
 B - 4 scrolls of immolation {unknown}
 C - a scroll of vulnerability {unknown}
Potions
 a - 3 potions of lignification
 c - a potion of attraction {unknown}
 d - 3 potions of might {unknown}
 g - a potion of mutation {unknown}
 i - a potion of heal wounds {unknown}
 m - 2 potions of curing {unknown}
 n - 3 potions of brilliance {unknown}
 t - a potion of berserk rage {unknown}
 u - a potion of ambrosia {unknown}
 z - a potion of degeneration {unknown}


   Skills:
 + Level 5.0 Fighting
 * Level 6.5 Polearms
 + Level 5.3 Dodging
 - Level 3.5 Unarmed Combat
 + Level 4.8 Spellcasting
 + Level 4.1 Transmutations
 + Level 5.6 Evocations


You had 14 spell levels left.
You knew the following spells:

 Your Spells              Type           Power      Damage    Failure   Level
a - Beastly Appendage     Tmut           32%        N/A       3%          1
b - Wereblood             Tmut           16%        N/A       4%          2

Your spell library contained the following spells:

 Spells                   Type           Power      Damage    Failure   Level
 Freeze                   Ice            12%        1d3       17%         1
 Spider Form              Tmut/Pois      9%         N/A       22%         3
 Frozen Ramparts          Ice            6%         1d1       45%         3
 Hailstorm                Conj/Ice       3%         3d3       45%         3
 Ozocubu's Armour         Ice            3%         N/A       45%         3
 Vhi's Electric Charge    Tloc/Air       6%         N/A       45%         3
 Ice Form                 Ice/Tmut       9%         N/A       56%         4
 Blade Hands              Tmut           8%         N/A       63%         5
 Summon Lightning Spire   Summ/Air       3%         N/A       86%         4
 Arcjolt                  Conj/Air       1%         1d11      99%         5
 Metabolic Englaciation   Hex/Ice        1%         N/A       99%         5
 Simulacrum               Ice/Necr       1%         N/A       100%        6
 Maxwell's Capacitive Co  Air            1%         ∞         100%        8
 Animate Armour           Summ/Erth      Unusable   N/A       N/A         4

Dungeon Overview and Level Annotations

Branches:
Dungeon (7/15)             Temple (0/1) D:5          Bailey (1/1)

Altars:
Ashenzari
Gozag
Wu Jian
The Shining One

Shops:
D:1 [   D:4 (   D:6 =


Innate Abilities, Weirdness & Mutations

You cannot wear most types of armour.
You are amphibious.
You can wear up to eight rings at the same time.
Your skin changes colour to match your surroundings (Stealth+).
Your rubbery body absorbs attacks. (AC +1, EV +1)
((You are camouflaged when in or above water. (Stealth+)))
You have tentacles for arms and can constrict up to eight enemies at once.


Message History

The orc shouts!
You hear a shout!
The orc closely misses you.
Casting: Wereblood (safe; 4% risk of failure)
Confirm with . or Enter, or press ? or * to list all spells.
Your blood is infused with primal strength.
The orc closely misses you.
Casting: Wereblood (safe; 4% risk of failure)
Confirm with . or Enter, or press ? or * to list all spells.
One of your tentacles grows a vicious spike.
An orc warrior comes into view. It is wielding a +0 bardiche.
The orc closely misses you.
You reach to attack!
You hit the orc.
The orc is almost dead.
The orc barely misses you.
The orc hits you from afar with a +0 spear.
You reach to attack!
You hit the orc warrior but do no damage.
The orc warrior closely misses you. The orc barely misses you.
An orc warrior comes into view. It is wielding a +0 trident.
You reach to attack!
You hit the orc warrior.
The orc warrior is lightly wounded.
The orc warrior hits you from afar with a +0 bardiche!
The orc hits you from afar with a +0 spear.
The orc warrior closely misses you.
You reach to attack!
You barely miss the orc warrior.
The orc warrior is lightly wounded.
The orc hits you from afar with a +0 spear.
The orc warrior hits you from afar with a +0 bardiche!
Your transformation is almost over.
You enter the shallow water.
Your primal bloodlust is almost over.
Casting: Beastly Appendage (safe; 3% risk of failure)
Confirm with . or Enter, or press ? or * to list all spells.
Your blood is freshly infused with primal strength!
Your tentacle spike disappears.
You lunge at the orc warrior, but your attack speed is too slow for a blow to land.
The orc warrior hits you with a +0 bardiche!
* * * LOW HITPOINT WARNING * * *
The orc warrior hits you from afar with a +0 bardiche!
You die...

#∩.~~..#+# ##.~~..#
#.~~..## #.~..##
#.~.## #.~.##########
#+### #.~...).)....##
....#
#.~~~~o~o~~~..##.∩.##
#...@.oo.o.~~..## #.
##########..~~..###.o
##..~~.....~
##..~~~~~~~
##........ #########


You could see 3 orc warriors and 2 orcs.

Vanquished Creatures
  A steam dragon (D:7)
  2 orc warriors
  An ice beast (D:7)
  2 black bears
  4 ogres
  2 centaurs
  A bullfrog (D:6)
  2 scorpions
  7 wights (D:6)
  A howler monkey (D:6)
  2 jellies
  3 hounds
  3 orc priests
  A sleepcap (D:7)
  Natasha (thrice) (D:2)
  2 orc wizards (D:4)
  Terence (D:3)
  3 gnolls (D:4)
  6 adders
  A shadow imp (D:6)
  A white imp (D:7)
  3 ufetubi
  3 worms (D:2)
  3 dart slugs
  31 orcs
  5 bats
  7 endoplasms
  14 goblins
  6 hobgoblins
  5 quokkas
  9 ball pythons
  3 frilled lizards
  9 kobolds
  5 rats
152 creatures vanquished.

Notes
Turn   | Place    | Note
-------+----------+-------------------------------------------
     0 | D:1      | LeprechaunX the Octopode Transmuter began the quest for the
                  | Orb.
     0 | D:1      | Reached XP level 1. HP: 13/13 MP: 3/3
   161 | D:1      | Found a faded altar of an unknown god.
   181 | D:1      | Reached XP level 2. HP: 14/18 MP: 5/5
   195 | D:1      | Prayed at the altar of an unknown god.
   195 | D:1      | Became a worshipper of the Wu Jian Council
   195 | D:1      | Reached * piety under Wu Jian
   555 | D:1      | Reached XP level 3. HP: 20/23 MP: 6/6
   619 | D:1      | Found Jox Bay's Armour Emporium.
   796 | D:2      | Identified the +11 glaive "Batroo" {holy, rPois SInv}
  1028 | D:2      | Noticed Natasha
  1031 | D:2      | Killed Natasha
  1032 | D:2      | Reached skill level 1 in Polearms
  1032 | D:2      | Reached XP level 4. HP: 8/29 MP: 7/7
  1144 | D:2      | Noticed Natasha
  1155 | D:2      | Killed Natasha
  1155 | D:2      | Reached ** piety under Wu Jian
  1273 | D:2      | Noticed Natasha
  1276 | D:2      | Learned a level 2 spell: Wereblood
  1278 | D:2      | Killed Natasha
  1279 | D:2      | Reached XP level 5. HP: 34/34 MP: 5/9
  1330 | D:2      | Identified the +10 long sword "Baixaef" {vamp, Fragile
                  | rElec rN+ Int+4}
  1346 | D:2      | Reached skill level 2 in Polearms
  2249 | D:3      | Noticed Terence
  2255 | D:3      | Killed Terence
  2943 | D:4      | Noticed a black bear
  2948 | D:4      | Killed a black bear
  2949 | D:4      | Reached skill level 3 in Polearms
  2949 | D:4      | Reached XP level 6. HP: 41/41 MP: 10/10
  2952 | D:4      | Reached *** piety under Wu Jian
  3375 | D:4      | Found Abrouklo's Weapon Emporium.
  3619 | D:4      | Reached XP level 7. HP: 46/46 MP: 12/12
  3738 | D:5      | Entered Level 5 of the Dungeon
  3787 | D:5      | Reached skill level 4 in Polearms
  3787 | D:5      | Reached skill level 1 in Evocations
  3988 | D:5      | Found a glowing golden altar of the Shining One.
  4117 | D:5      | Reached XP level 8. HP: 54/54 MP: 13/13
  4201 | D:5      | Identified the +9 spear of the Moon {antimagic, rPois rCorr
                  | Int+4 Dex-3}
  4288 | D:5      | Found a staircase to the Ecumenical Temple.
  4577 | D:6      | Reached skill level 5 in Polearms
  4786 | D:6      | Found a broken altar of Ashenzari.
  4857 | D:6      | Reached **** piety under Wu Jian
  5002 | D:6      | Found Ywerogybb's Jewellery Emporium.
  5141 | D:6      | Found an opulent altar of Gozag.
  5405 | D:6      | Reached XP level 9. HP: 54/59 MP: 12/15
  5406 | D:6      | Reached skill level 6 in Polearms
  5406 | D:6      | Reached skill level 5 in Dodging
  5487 | D:7      | Reached skill level 5 in Evocations
  5812 | D:7      | Reached skill level 5 in Fighting
  5950 | D:7      | Found a flagged portal.
  5964 | Bailey   | Entered a bailey
  6278 | Bailey   | Slain by an orc warrior

Illustrated notes

Levels and vault maps discovered:
D:1:      psy_arrival_spokes, layout_basic, hellmonk_ecumenical_altar_zigzags,
          serial_shops, nicolae_shop_peninsula, serial_bayou_pond_b,
          minmay_misc_feat_x
D:2:      layout_basic, chequers_serial_rivers_micro_d, minmay_heptomino_w4,
          uniq_natasha
D:3:      layout_basic, minmay_misc_feat_chi, st_stairs_14, uniq_terence
D:4:      layout_loops_cross, serial_shops, kennysheep_mini_moat,
          reono_crystal_passage, chequers_serial_rivers_small_3
D:5:      layout_loops_ring, tso_oasis_becter,
          minmay_temple_entry_enclosed_plants
D:6:      layout_rooms, nicolae_overflow_crystal_walls, evilmike_ruin_ashenzari,
          kennysheep_big_empty_room, minmay_holes,
          minmay_misc_feat_secret_circle, minmay_shop_enchanted_jewellery,
          dk_noncrumbling_2
D:7:      layout_gridville, enter_bailey_3, kennysheep_generic_room_15
Bailey:   bailey_polearm_1, bailey

Skill      XL: |  1  2  3  4  5  6  7  8  9 |
---------------+----------------------------+-----
Polearms       | 1 3 4 5 6 |  6.5
Fighting       | 2 3 4 5 |  5.0
Dodging        | 3 4 5 |  5.3
Spellcasting   | 3 4 |  4.8
Evocations     | 2 4 5 |  5.6
Transmutations | 3 4 |  4.1
Unarmed Combat | |  3.5

Action                     |  1- 3 |  4- 6 |  7- 9 || total
---------------------------+-------+-------+-------++-------
  Melee: Unarmed           |    67 |       |       ||    67
         Constrict         |    16 |    15 |    19 ||    50
         Tentacles         |    15 |    16 |     8 ||    39
         Punch             |     3 |     1 |       ||     4
         Glaive            |    11 |    88 |   126 ||   225
         Kick              |       |     3 |     7 ||    10
   Cast: Beastly Appendage |     2 |     1 |     9 ||    12
         Wereblood         |       |     5 |    11 ||    16
Ability: Lunge             |     5 |     4 |     4 ||    13
         Wall Jump         |       |       |     2 ||     2
         Whirlwind         |       |       |     3 ||     3
    Use: Potion            |       |     1 |     1 ||     2
   Stab: Sleeping          |     4 |     8 |     7 ||    19
         Distracted        |       |       |     1 ||     1
 Armour: Skin              |     8 |     6 |    18 ||    32
  Dodge: Dodged            |    48 |    41 |    92 ||   181

Table legend: (Time is in decaauts)
 A = Elapsed time spent in this place.
 B = Non-inter-level travel time spent in this place.
 C = Inter-level travel time spent in this place.
 D = Time resting spent in this place.
 E = Time spent auto-exploring this place.
 F = Levels seen in this place.
 G = Mean time per level.
                   A        B        C        D        E       F      G
               +--------+--------+--------+--------+--------+-----+--------+
         Total |   6388 |   6114 |    274 |    586 |   4439 |   8 |  798.5 |
       Dungeon |   6065 |   5791 |    274 |    444 |   4393 |   7 |  866.4 |
        Bailey |    322 |    322 |      0 |    142 |     46 |   1 |  322.0 |
               +--------+--------+--------+--------+--------+-----+--------+

Top non-repeatable levels by time:
     D:3: 1135 daAuts
     D:2: 1092 daAuts
     D:6: 954 daAuts
     D:4: 821 daAuts
     D:5: 818 daAuts
     D:1: 748 daAuts
     D:7: 495 daAuts
  Bailey: 322 daAuts
